 Dungeon Crawl Stone Soup version 0.18.1-50-g88ac8fd (webtiles) character file.

4365 magog001 the Protected (level 10, -1/88 HPs)
             Began as a Minotaur Fighter on Feb 12, 2017.
             Was a Believer of Nemelex Xobeh.
             Succumbed to a spiny frog's poison
             ... on level 10 of the Dungeon on Feb 18, 2017.
             The game lasted 00:55:39 (9605 turns).

magog001 the Protected (Minotaur Fighter)           Turns: 9605, Time: 00:55:40

Health: -1/88      AC:  8    Str: 28    XL:     10   Next: 13%
Magic:  9/9        EV: 13    Int:  8    God:    Nemelex Xobeh [**....]
Gold:   284        SH:  0    Dex: 11    Spells: 0 memorised, 9 levels left

rFire  . . .     SeeInvis .     x - +4 halberd (freeze)
rCold  . . .     Gourm    .     b - +0 scale mail
rNeg   . . .     Faith    .     (shield currently unavailable)
rPois  .         Spirit   .     (helmet restricted)
rElec  +         Dismiss  .     (no cloak)
rCorr  .         Reflect  .     (no gloves)
SustAt .         Harm     .     (no boots)
MR     .....     Clarity  +     (no amulet)
Stlth  ..........               s - ring of flight
                                w - +3 ring of intelligence

@: mighty, lethally poisoned (-1 -> -41), not resistant to hostile enchantments,
extremely unstealthy
A: retaliatory headbutt, horns 2, clarity, electricity resistance
a: Renounce Religion, Evoke Flight


You were on level 10 of the Dungeon.
You worshipped Nemelex Xobeh.
Nemelex Xobeh was pleased with you.
You were not hungry.

You visited 1 branch of the dungeon, and saw 9 of its levels.
You also visited: Ossuary.

You collected 284 gold pieces.

Inventory:

Hand Weapons
 a - a +0 war axe
 d - a +1 dagger
 x - a +4 halberd of freezing (weapon)
 J - a +0 hand crossbow
Missiles
 v - 27 poisoned needles
 A - 6 tomahawks (quivered)
 I - 13 bolts
Armour
 b - a +0 scale mail (worn)
 c - a +0 shield
Jewellery
 s - a ring of flight (right hand)
 w - a +3 ring of intelligence (left hand)
Wands
 n - a wand of acid (9/15)
Scrolls
 g - a scroll of identify
 i - 3 scrolls of remove curse
 j - 3 scrolls of teleportation
 k - a scroll of random uselessness {unknown}
 m - a scroll of recharging
 p - 2 scrolls of fog
 y - a scroll of blinking
 E - a scroll of magic mapping
 H - a scroll of immolation {unknown}
Potions
 e - 2 potions of haste
 f - a potion of heal wounds {unknown}
 l - a potion of ambrosia
 o - 2 potions of berserk rage
 r - 2 potions of agility
 t - a potion of mutation {unknown}
 u - a potion of flight {unknown}
 B - a potion of might
 C - a potion of brilliance {unknown}
 G - a potion of cure mutation
 L - a potion of lignification {unknown}
Miscellaneous
 h - a plain deck of war
 z - a plain deck of destruction
 F - an ornate deck of destruction
Comestibles
 q - 3 bread rations
 K - 11 chunks of flesh
 M - a meat ration


   Skills:
 + Level 8.2 Fighting
 + Level 7.5(7.6) Axes
 + Level 0.8(4.7) Polearms
 + Level 9.1 Armour
 + Level 7.1 Dodging
 + Level 1.6 Stealth
 + Level 9.0 Shields


You had 9 spell levels left.
You didn't know any spells.

Dungeon Overview and Level Annotations

Branches:
Dungeon (8/15)             Temple (0/1) D:7            Lair (0/8) D:10

Altars:
Ashenzari
Cheibriados
Dithmenos
Elyvilon
Gozag
Makhleb
Nemelex Xobeh
Zin
The Shining One

Annotations:
D:5 Grinder
D:6 1 exclusion


Innate Abilities, Weirdness & Mutations

You reflexively headbutt those who attack you in melee.
You have a pair of horns on your head.
You possess an exceptional clarity of mind.
You are resistant to electric shocks.


Message History

You are more poisoned.
The spiny frog poisons you!
You slash the spiny frog! You freeze the spiny frog.
Your headbutt misses the spiny frog.
The spiny frog is heavily wounded.
You feel very sick.
The blink frog blinks!
The spiny frog stings you.
* * * LOW HITPOINT WARNING * * *
You are lethally poisoned!
The spiny frog poisons you! The spiny frog stings you!
* * * LOW HITPOINT WARNING * * *
Drink which item? (? for menu, Esc to quit)
You feel very mighty all of a sudden.
* * * LOW HITPOINT WARNING * * *
You feel very sick. The spiny frog misses you.
* * * LOW HITPOINT WARNING * * *
You feel very sick.
You die...
Your body glows slightly and disappears.

#.........#
#?........#
#...F.....#
#...sYF[..#
#####.#####
#F# #F#
#.##########
#.@.........
############


You could see a yak, 2 spiny frogs, a blink frog and a scorpion.

Vanquished Creatures
  Pikel (D:6)
  The ghost of ReniFell the Ruffian, an amateur NaTm (D:3)
  A yak (D:10)
  Eustachio (D:5)
  Edmund (D:4)
  Duvessa (D:5)
  An ice beast (D:5)
  A slave (D:6)
  4 ogres
  A phantom (D:4)
  3 centaurs
  6 giant frogs
  Dowan (D:5)
  A water moccasin zombie (D:6)
  12 scorpions
  3 wights (D:7)
  A howler monkey (D:5)
  A wasp zombie (D:6)
  3 crimson imps
  A giant frog zombie (D:6)
  3 jellies
  A centaur skeleton (D:10)
  7 hounds
  3 orc priests
  2 iguanas
  An orc wizard (D:4)
  6 worker ants
  5 big kobold zombies (Ossuary)
  3 hound skeletons
  3 mummies
  4 gnolls (D:8)
  4 scorpion zombies (Ossuary)
  9 adders
  3 shadow imps
  2 adder skeletons
  6 worms
  3 dart slugs
  7 giant geckos
  14 orcs
  2 giant cockroaches (D:1)
  A gnoll zombie (Ossuary)
  7 goblins
  6 hobgoblins
  13 jackals
  2 quokkas
  4 bats
  A giant gecko zombie (D:5)
  4 giant newts
  A goblin zombie (Ossuary)
  4 hobgoblin zombies (Ossuary)
  12 kobolds
  3 kobold zombies (Ossuary)
  2 orc zombies (Ossuary)
  A quokka skeleton (D:5)
  A quokka zombie (D:5)
  10 rats
  3 plants (D:2)
208 creatures vanquished.

Vanquished Creatures (others)
  A scorpion (Ossuary)
  A hound (D:6)
  A human zombie (Ossuary)
  A mummy (Ossuary)
4 creatures vanquished.

Grand Total: 212 creatures vanquished

Notes
Turn   | Place    | Note
--------------------------------------------------------------
     0 | D:1      | magog001 the Minotaur Fighter began the quest for the Orb.
     0 | D:1      | Reached XP level 1. HP: 19/19 MP: 0/0
   127 | D:1      | Reached XP level 2. HP: 25/27 MP: 1/1
   514 | D:1      | Reached XP level 3. HP: 27/33 MP: 2/2
   693 | D:2      | Found a white marble altar of Elyvilon.
   887 | D:2      | Reached skill level 1 in Dodging
  1233 | D:2      | Reached XP level 4. HP: 31/41 MP: 3/3
  1702 | D:2      | Found a snail-covered altar of Cheibriados.
  1974 | D:3      | Noticed ReniFell's ghost (amateur NaTm)
  2013 | D:3      | Killed ReniFell's ghost
  2013 | D:3      | Reached skill level 5 in Armour
  2013 | D:3      | Reached XP level 5. HP: 25/47 MP: 4/4
  2200 | D:3      | Reached skill level 5 in Shields
  2200 | D:3      | Reached XP level 6. HP: 53/55 MP: 5/5
  2205 | D:3      | Reached skill level 5 in Fighting
  3258 | D:3      | Found an opulent altar of Gozag.
  3258 | D:3      | Found a sparkling altar of Nemelex Xobeh.
  3264 | D:3      | Became a worshipper of Nemelex Xobeh the Trickster
  3467 | D:4      | Received a gift from Nemelex Xobeh
  3478 | D:4      | Noticed Edmund
  3609 | D:4      | Killed Edmund
  3609 | D:4      | Reached XP level 7. HP: 14/61 MP: 6/6
  3641 | D:4      | Found a sand-covered staircase.
  3644 | D:4      | Reached skill level 1 in Stealth
  3715 | Ossuary  | Entered an ossuary
  4152 | Ossuary  | Reached skill level 5 in Axes
  4152 | Ossuary  | Reached XP level 8. HP: 36/70 MP: 7/7
  4181 | Ossuary  | Gained mutation: You possess an exceptional clarity of mind. [potion of beneficial mutation]
  4182 | Ossuary  | Gained mutation: You are resistant to electric shocks. [potion of beneficial mutation]
  5770 | D:5      | Entered Level 5 of the Dungeon
  5772 | D:5      | Noticed Dowan
  5773 | D:5      | Noticed Duvessa
  5784 | D:5      | Killed Duvessa
  5864 | D:5      | Noticed Eustachio
  5908 | D:5      | Killed Eustachio
  5998 | D:5      | Reached skill level 5 in Dodging
  6267 | D:5      | Reached * piety under Nemelex Xobeh
  6591 | D:5      | Received a gift from Nemelex Xobeh
  6593 | D:5      | Noticed Grinder
  6996 | D:5      | Reached XP level 9. HP: 60/79 MP: 8/8
  7061 | D:5      | Killed Dowan
  7097 | D:5      | Found a glowing golden altar of the Shining One.
  7097 | D:5      | Found a glowing silver altar of Zin.
  7097 | D:5      | Found a white marble altar of Elyvilon.
  7201 | D:6      | Found a burning altar of Makhleb.
  7347 | D:6      | Received a gift from Nemelex Xobeh
  7347 | D:6      | Found a shadowy altar of Dithmenos.
  7899 | D:6      | Noticed Pikel
  7912 | D:6      | Killed Pikel
  7929 | D:6      | Reached ** piety under Nemelex Xobeh
  8938 | D:7      | Received a gift from Nemelex Xobeh
  8991 | D:7      | Found a staircase to the Ecumenical Temple.
  9177 | D:7      | Found a shattered altar of Ashenzari.
  9216 | D:7      | Reached XP level 10. HP: 88/88 MP: 9/9
  9499 | D:8      | You fall through a shaft for 2 floors!
  9499 | D:10     | Entered Level 10 of the Dungeon
  9585 | D:10     | Found a staircase to the Lair.
  9586 | D:10     | Noticed a spiny frog
  9589 | D:10     | Noticed a spiny frog
  9591 | D:10     | Noticed a spiny frog
  9604 | D:10     | HP: 2/88 [poisoned by a spiny frog]
  9605 | D:10     | Succumbed to a spiny frog's poison

Skill      XL: |  1  2  3  4  5  6  7  8  9 10 |
---------------+-------------------------------+-----
Armour         | 4 5 6 7 9 |  9.1
Fighting       | 4 5 7 8 |  8.2
Shields        | 4 5 6 7 8 9 |  9.0
Dodging        | 1 2 3 5 6 7 |  7.1
Axes           | 3 4 5 6 7 |  7.5
Stealth        | 1 |  1.6
Polearms       | |  0.8

Action                   |  1- 3 |  4- 6 |  7- 9 | 10-12 || total
-------------------------+-------+-------+-------+-------++-------
Melee: War axe           |   146 |   152 |   377 |       ||   675
       Headbutt          |    31 |    25 |    82 |     4 ||   142
       Halberd           |       |       |    10 |    28 ||    38
       Dagger            |       |       |       |     6 ||     6
  Use: Scroll            |       |     4 |     7 |     2 ||    13
       Potion            |       |     1 |    11 |     1 ||    13
  Eat: Chunk             |     1 |     4 |    11 |     1 ||    17
       Bread ration      |       |     1 |     1 |       ||     2
       Fruit             |       |       |     3 |       ||     3
       Pizza             |       |       |     1 |       ||     1
Armor: Scale mail        |    69 |    36 |   115 |    13 ||   233
Dodge: Dodged            |    42 |    55 |   157 |    29 ||   283
Block: Shield            |    81 |    71 |   223 |     2 ||   377
